 Dungeon Crawl Stone Soup version 0.20.1-1-g8b1a95d (webtiles) character file.

4949 manyhoops the Severer (level 10, -13/77 HPs)
             Began as a Hill Orc Berserker on Aug 18, 2017.
             Was an Elder of Trog.
             Mangled by a two-headed ogre
             ... wielding a +0 giant club
              (15 damage)
             ... on level 8 of the Dungeon.
             The game lasted 00:11:00 (6454 turns).

manyhoops the Severer (Hill Orc Berserker)          Turns: 6454, Time: 00:11:01

Health: -13/77     AC: 14    Str: 24    XL:     10   Next: 52%
Magic:  10/10      EV:  7    Int:  7    God:    Trog [****..]
Gold:   372        SH:  0    Dex: 10    Spells: 9/9 levels left

rFire    . . .     SeeInvis .   D - +0 battleaxe
rCold    . . .     Gourm    .   (shield currently unavailable)
rNeg     . . .     Faith    .   o - +0 plate armour
rPois    +         Spirit   .   (no helmet)
rElec    .         Reflect  .   r - +0 cloak
rCorr    .         Harm     .   h - +1 pair of gloves
MR       .....                  (no boots)
Stlth    ..........             (no amulet)
Regen    0.3/turn               e - ring of poison resistance
MPRegen  0.2/turn               (no ring)

@: berserk cooldown, slowed, very slow
A: no striking features
a: Berserk, Trog's Hand, Brothers in Arms, Burn Spellbooks, Renounce Religion


You were on level 8 of the Dungeon.
You worshipped Trog.
Trog was greatly pleased with you.
You were hungry.

You visited 1 branch of the dungeon, and saw 8 of its levels.

You collected 372 gold pieces.

Inventory:

Hand Weapons
 z - a +1 dire flail of protection
 D - a +0 battleaxe (weapon)
Missiles
 C - a throwing net (quivered)
Armour
 h - a +1 pair of gloves (worn)
 o - a +0 plate armour (worn)
 r - a +0 cloak (worn)
Jewellery
 e - a ring of poison resistance (left hand)
 p - an uncursed ring of fire
 w - an uncursed ring of ice
Wands
 l - a wand of paralysis (16/24)
 v - a wand of confusion (34/48)
 y - a wand of flame (13/48)
 A - a wand of disintegration (6/24)
Scrolls
 b - a scroll of enchant weapon
 f - 2 scrolls of enchant armour
 g - a scroll of noise
 i - 4 scrolls of teleportation
 B - a scroll of magic mapping
 E - a scroll of remove curse
Potions
 d - 3 potions of curing
 j - a potion of agility {unknown}
 k - a potion of flight {unknown}
 m - 3 potions of haste
 n - a potion of lignification {unknown}
 u - a potion of degeneration {unknown}
 x - a potion of cancellation {unknown}
Comestibles
 c - 8 bread rations
 q - a meat ration
 s - 2 chunks of flesh
 t - 2 royal jellies


   Skills:
 - Level 3.6 Fighting
 + Level 18.4 Axes
 - Level 2.1 Armour
 - Level 1.5 Dodging


You had 9 spell levels left.
You didn't know any spells.

Dungeon Overview and Level Annotations

Branches:
Dungeon (8/15)             Temple (0/1) D:7            Lair (0/6) D:8

Altars:
Dithmenos
Elyvilon
Okawaru
Ru
Trog
Vehumet
Yredelemnul
Zin

Shops:
D:2 *


Message History

The two-headed ogre is severely wounded.
The two-headed ogre hits you with a giant club!!
* * * LOW HITPOINT WARNING * * *
The two-headed ogre hits you with a giant club!
* * * LOW HITPOINT WARNING * * *
You feel much better. The two-headed ogre closely misses you.
The two-headed ogre hits you but does no damage.
You hit the two-headed ogre but do no damage.
The two-headed ogre is severely wounded.
The two-headed ogre hits you with a giant club!
* * * LOW HITPOINT WARNING * * *
The two-headed ogre hits you with a giant club!
* * * LOW HITPOINT WARNING * * *
You hit the two-headed ogre.
The two-headed ogre is almost dead.
The two-headed ogre barely misses you. The two-headed ogre closely misses you.
Your plate armour prevents you from hitting the two-headed ogre.
The two-headed ogre is almost dead.
The two-headed ogre hits you with a giant club!
You die...

#.PP..####.....##
#..P.P.P.P.....#
##..P.P...P.P.##
#..P..).P....#####
##.P........##...##
.....P.....###.....###
.####.#.##.##<........
# #.#...............
...........@O.....#
.#.###............#
###. ##.##........# #
#.###.....#.# #.#
##...## # #+# ####


You could see a two-headed ogre.

Vanquished Creatures
  2 two-headed ogres (D:8)
  Joseph (D:7)
  The ghost of Saithnar the Vandal, an amateur HaHu of Okawaru (D:3)
  A hippogriff (D:7)
  Eustachio (D:6)
  The ghost of ThereIsNoGod the Stinger, an amateur SpVM (D:4)
  3 porcupines (D:8)
  An ice beast (D:6)
  A sky beast (D:6)
  A necrophage (D:7)
  4 orc warriors
  2 centaurs
  A bullfrog (D:8)
  3 scorpions
  12 wights
  2 howler monkeys (D:7)
  2 crimson imps
  A bullfrog zombie (D:6)
  A jelly (D:6)
  5 hounds
  Crazy Yiuf (D:4)
  2 orc priests
  An orc wizard (D:7)
  3 bullfrog skeletons
  An iguana (D:7)
  A worker ant (D:5)
  9 adders
  6 gnolls (D:5)
  A howler monkey skeleton (D:6)
  A shadow imp (D:5)
  An adder zombie (D:7)
  An adder skeleton (D:8)
  2 worms
  3 dart slugs
  8 leopard geckos
  15 orcs
  3 ball pythons
  A giant cockroach (D:1)
  8 hobgoblins
  6 quokkas
  11 bats
  9 frilled lizards
  2 goblins (D:3)
  A jackal skeleton (D:5)
  10 kobolds
  A leopard gecko skeleton (D:4)
  A quokka skeleton (D:6)
  6 rats
  2 fungi (D:8)
163 creatures vanquished.

Vanquished Creatures (others)
  A fungus (D:8)
1 creature vanquished.

Grand Total: 164 creatures vanquished

Notes
Turn   | Place    | Note
-------+----------+-------------------------------------------
     0 | D:1      | manyhoops the Hill Orc Berserker began the quest for the Orb.
     0 | D:1      | Reached XP level 1. HP: 19/19 MP: 1/1
    13 | D:1      | You fall through a shaft!
   108 | D:1      | Reached XP level 2. HP: 25/26 MP: 2/2
   186 | D:1      | Reached skill level 5 in Axes
   424 | D:1      | Reached ** piety under Trog
   440 | D:1      | Reached XP level 3. HP: 31/31 MP: 3/3
   876 | D:2      | Found a faded altar of an unknown god.
  1063 | D:2      | Reached skill level 6 in Axes
  1112 | D:2      | Found Zin's Purification Station.
  1117 | D:2      | Found a glowing silver altar of Zin.
  1222 | D:2      | Reached XP level 4. HP: 37/39 MP: 4/4
  1337 | D:3      | Noticed Saithnar's ghost (amateur HaHu)
  1369 | D:2      | Reached skill level 7 in Axes
  2029 | D:2      | Reached XP level 5. HP: 44/45 MP: 5/5
  2039 | D:3      | Killed Saithnar's ghost
  2039 | D:3      | Reached skill level 9 in Axes
  2039 | D:3      | Reached XP level 6. HP: 51/51 MP: 6/6
  2175 | D:3      | Found a white marble altar of Elyvilon.
  2340 | D:3      | Found a basalt altar of Yredelemnul.
  2552 | D:3      | Found an iron altar of Okawaru.
  2753 | D:4      | Reached *** piety under Trog
  2945 | D:4      | Noticed ThereIsNoGod's ghost (amateur SpVM)
  2960 | D:4      | Killed ThereIsNoGod's ghost
  2960 | D:4      | Reached skill level 10 in Axes
  2960 | D:4      | Reached XP level 7. HP: 53/57 MP: 7/7
  3402 | D:4      | Found a runed door.
  3773 | D:4      | Noticed Crazy Yiuf
  3783 | D:4      | Killed Crazy Yiuf
  3847 | D:5      | Entered Level 5 of the Dungeon
  4021 | D:5      | Reached skill level 11 in Axes
  4127 | D:5      | Found a bloodstained altar of Trog.
  4127 | D:5      | Found a radiant altar of Vehumet.
  4128 | D:5      | Found a shadowy altar of Dithmenos.
  4258 | D:5      | Found a sacrificial altar of Ru.
  4308 | D:5      | Reached XP level 8. HP: 53/64 MP: 8/8
  4357 | D:6      | Reached skill level 12 in Axes
  4640 | D:6      | Reached skill level 13 in Axes
  4684 | D:6      | Noticed Eustachio
  4719 | D:6      | Killed Eustachio
  4719 | D:6      | Reached **** piety under Trog
  5026 | D:6      | Reached skill level 14 in Axes
  5138 | D:7      | Found a staircase to the Ecumenical Temple.
  5154 | D:7      | Reached XP level 9. HP: 64/70 MP: 9/9
  5180 | D:7      | Noticed Joseph
  5202 | D:7      | Killed Joseph
  5202 | D:7      | Reached skill level 15 in Axes
  5414 | D:7      | Reached skill level 16 in Axes
  5976 | D:8      | Noticed a two-headed ogre
  5980 | D:8      | Reached XP level 10. HP: 49/77 MP: 10/10
  5990 | D:8      | Killed a two-headed ogre
  5990 | D:8      | Reached skill level 17 in Axes
  6397 | D:8      | Found a staircase to the Lair.
  6432 | D:8      | Noticed a two-headed ogre
  6435 | D:8      | Noticed a two-headed ogre
  6441 | D:8      | Killed a two-headed ogre
  6441 | D:8      | Reached skill level 18 in Axes
  6450 | D:8      | HP: 2/77 [two-headed ogre/giant club (9)]
  6454 | D:8      | Mangled by a two-headed ogre

Skill      XL: |  1  2  3  4  5  6  7  8  9 10 |
---------------+-------------------------------+-----
Axes           | 5 6 7 9 10 11 14 16 18 | 18.4
Fighting       | |  3.6
Armour         | |  2.1
Dodging        | |  1.5

Action                   |  1- 3 |  4- 6 |  7- 9 | 10-12 || total
-------------------------+-------+-------+-------+-------++-------
Melee: Hand axe          |   100 |   167 |       |       ||   267
       War axe           |       |    25 |   284 |       ||   309
       Battleaxe         |       |       |    52 |    57 ||   109
Invok: Berserk           |     1 |     3 |     8 |     2 ||    14
       Trog's Hand       |       |       |     1 |       ||     1
  Use: Scroll            |       |     7 |     8 |       ||    15
       Potion            |       |       |       |     1 ||     1
  Eat: Chunk             |     2 |     1 |    14 |     3 ||    20
       Royal jelly       |       |     1 |     1 |       ||     2
       Bread ration      |       |     1 |       |       ||     1
       Fruit             |       |       |     4 |       ||     4
Armor: Animal skin       |     5 |       |       |       ||     5
       Chain mail        |    44 |       |       |       ||    44
       Plate armour      |       |   122 |   176 |    18 ||   316
Dodge: Dodged            |    59 |    50 |    79 |    21 ||   209
